 Dungeon Crawl Stone Soup version 0.22.1-1-ga44c0e56f4 (webtiles) character file.

234 Morbidden the Chopper (level 5, -9/41 HPs)
             Began as a Demonspawn Fighter on Oct 25, 2018.
             Killed from afar by a white imp (11 damage)
             ... with a puff of frost
             ... summoned by Natasha
             ... on level 2 of the Dungeon.
             The game lasted 00:05:01 (2076 turns).

Morbidden the Chopper (Demonspawn Fighter)          Turns: 2076, Time: 00:05:02

Health: -9/41      AC:  0    Str: 17    XL:     5   Next: 75%
Magic:  5/5        EV: 13    Int: 10    God:
Gold:   146        SH:  0    Dex: 12    Spells: 4/4 levels left

rFire    . . .     SeeInvis .   (weapon currently unavailable)
rCold    . . .     Gourm    .   (shield currently unavailable)
rNeg     . . .     Faith    .   (armour currently unavailable)
rPois    .         Spirit   .   (helmet currently unavailable)
rElec    .         Reflect  .   (cloak currently unavailable)
rCorr    .         Harm     .   (gloves currently unavailable)
MR       .....                  (boots currently unavailable)
Stlth    +.........             (no amulet)
HPRegen  0.13/turn              (ring currently unavailable)
MPRegen  0.09/turn              (ring currently unavailable)

@: pig-form, very quick
A: small
a: no special abilities


You were on level 2 of the Dungeon.
You were hungry.
You were a filthy swine.
You visited 1 branch of the dungeon, and saw 2 of its levels.

You collected 146 gold pieces.

Inventory:

Hand Weapons
 a - a +0 war axe (melded)
Missiles
 k - 20 sling bullets
Armour
 b - a +0 helmet (melded)
 c - a +1 shield (melded)
 u - a +1 scale mail of positive energy (melded)
Jewellery
 e - a +4 ring of protection (melded)
Wands
 g - a wand of digging (14)
Scrolls
 h - a scroll of noise
 j - a scroll of identify
 p - a scroll of fear {unknown}
 q - 2 scrolls of teleportation
 r - a scroll of random uselessness {unknown}
Potions
 d - a potion of might
 i - a potion of cancellation
 l - a potion of curing
 o - a potion of haste {unknown}
Comestibles
 f - a ration


   Skills:
 - Level 3.0 Fighting
 + Level 5.6 Axes
 - Level 2.6 Armour
 - Level 2.6 Shields


You had 4 spell levels left.
You didn't know any spells.
Your spell library was empty.

Dungeon Overview and Level Annotations

Branches:
Dungeon (2/15)

Altars:
Hepliaklqana
Kikubaaqudgha

Annotations:
D:2 Natasha


Innate Abilities, Weirdness & Mutations

((You have sharp toenails.))


Message History

Natasha closely misses you. The iron imp hits you.
* * * LOW HITPOINT WARNING * * *
Unknown command.
You hit Natasha.
Natasha is severely wounded.
Natasha casts a spell.
The iron imp barely misses you.
Unknown command.
Natasha barely misses you.
You hit the iron imp but do no damage.
The iron imp is heavily wounded.
The iron imp barely misses you. Natasha misses you.
Unknown command.
Natasha mumbles some strange words.
The iron imp spits at you. The iron imp hits you!
* * * LOW HITPOINT WARNING * * *
The white imp gestures at you. The puff of frost hits you!
You die...

..### ###...# ##................
....########.###.....##########..
......................## ##..#
.....#####.#.#..5......# #..##
.......#...#.#.........# ##.##
...#.#...###......h....# #..#
.....#..## ###..5.5....## #.##
.........## #..........####.####
....<##...####..h..).............
....###.....##.........#.#######.
...#####.##..............# ##
.....###.####..........##########
.................................
.###...######.........###########
.# ###...#####.......## .#
###...# ###).##..# ##
###.#####..###.##


You could see an iron imp, Natasha and 2 white imps.

Vanquished Creatures
  2 vampire bats (D:2)
  Terence (D:2)
  Ijyb (D:2)
  Natasha (twice) (D:2)
  A worm (D:2)
  A dart slug (D:1)
  7 bats
  3 bat skeletons (D:2)
  3 bat zombies (D:2)
  3 giant cockroaches (D:1)
  12 goblins
  2 hobgoblins
  3 jackals (D:2)
  A quokka (D:2)
  2 frilled lizards (D:1)
  A kobold (D:1)
  3 rats (D:1)
48 creatures vanquished.

Notes
Turn   | Place    | Note
-------+----------+-------------------------------------------
     0 | D:1      | Morbidden the Demonspawn Fighter began the quest for the
                  | Orb.
     0 | D:1      | Reached XP level 1. HP: 18/18 MP: 1/1
    29 | D:1      | Reached skill level 2 in Axes
    76 | D:1      | Gained mutation: You have sharp toenails. [demonic
                  | ancestry]
    76 | D:1      | Reached XP level 2. HP: 21/24 MP: 2/2
   641 | D:1      | Reached skill level 3 in Axes
  1092 | D:2      | Found a hazy altar of Hepliaklqana.
  1204 | D:2      | Reached XP level 3. HP: 28/29 MP: 3/3
  1215 | D:2      | Found an ancient bone altar of Kikubaaqudgha.
  1235 | D:2      | Reached skill level 4 in Axes
  1235 | D:2      | Reached XP level 4. HP: 26/35 MP: 4/4
  1304 | D:2      | Noticed Natasha
  1635 | D:2      | Killed Natasha
  1635 | D:2      | Reached XP level 5. HP: 30/41 MP: 5/5
  1718 | D:2      | Noticed Terence
  1729 | D:2      | Killed Terence
  1729 | D:2      | Reached skill level 5 in Axes
  1909 | D:2      | Noticed Ijyb
  1927 | D:2      | Killed Ijyb
  1953 | D:2      | Noticed Natasha
  1965 | D:2      | Killed Natasha
  2061 | D:2      | Noticed Natasha
  2075 | D:2      | HP: 2/41 [iron imp[Natasha] (9)]
  2076 | D:2      | Killed from afar by a white imp

Skill      XL: |  1  2  3  4  5 |
---------------+----------------+-----
Axes           | 2 3 4 5 |  5.6
Fighting       | |  3.0
Armour         | |  2.6
Shields        | |  2.6

Action                   |  1- 3 |  4- 6 || total
-------------------------+-------+-------++-------
Melee: War axe           |    87 |    55 ||   142
       Kick              |     6 |    14 ||    20
       Unarmed           |       |    12 ||    12
  Use: Potion            |     1 |     1 ||     2
       Scroll            |       |     7 ||     7
  Eat: Ration            |       |     1 ||     1
Armor: Scale mail        |    80 |    25 ||   105
       Skin              |     1 |     5 ||     6
Dodge: Dodged            |    45 |    19 ||    64
Block: Shield            |    62 |    30 ||    92
